 Dungeon Crawl Stone Soup version 0.16-a0-2860-gef4c3f3 (webtiles) character file.

30 Johnny the Grave Robber (level 2, -2/22 HPs)
             Began as a Demigod Necromancer on Nov 30, 2014.
             Slain by a hobgoblin
             ... wielding a +0 club
             ... led by Robin
              (4 damage)
             ... on level 1 of the Dungeon.
             The game lasted 00:02:25 (1327 turns).

Johnny the Grave Robber (Demigod Necromancer)       Turns: 1327, Time: 00:02:26

Health: -2/22      AC:  4    Str: 11    XL:     2   Next: 87%
Magic:  6/14       EV: 11    Int: 19    God:
Gold:   80         SH:  0    Dex: 16    Spells: 1 memorised, 4 levels left

rFire  . . .     SeeInvis .     u - +0 long sword
rCold  . . .     Clarity  .     h - +0 leather armour
rNeg   . . .     SustAb   +     (no shield)
rPois  .         Gourm    .     (no helmet)
rElec  .         Spirit   .     (no cloak)
rCorr  .         Warding  .     (no gloves)
rMut   .         Stasis   .     l - +0 pair of boots
MR     .....                    (no amulet)
Stlth  ++........               (no ring)
                                s - ring of magical power

@: not resistant to hostile enchantments, unstealthy
A: sustain abilities
a: no special abilities


You were on level 1 of the Dungeon.
You were near starving.

You visited 1 branch of the dungeon, and saw 2 of its levels.

You collected 80 gold pieces.

Inventory:

Hand weapons
 f - a +0 club
 u - a +0 long sword (weapon)
 v - a +0 quarterstaff
Armour
 a - a +0 robe
 h - a +0 leather armour (worn)
 l - a +0 pair of boots (worn)
Jewellery
 s - a ring of magical power (left hand)
Scrolls
 d - 2 scrolls of teleportation {unknown}
 e - 3 scrolls of fog {unknown}
 m - a scroll of random uselessness {unknown}
 n - a scroll of magic mapping {unknown}
 p - 2 scrolls of remove curse {unknown}
Potions
 g - a potion of curing {unknown}
 k - a potion of might {unknown}
 o - a potion of restore abilities {unknown}
 r - a potion of mutation {unknown}
Books
 b - a book of Necromancy

   Spells                             Type                      Level
   a - Pain                           Necromancy                   1
   b - Animate Skeleton               Necromancy                   1
   c - Vampiric Draining              Necromancy                   3
   d - Regeneration                   Charms/Necromancy            3
   e - Animate Dead                   Necromancy                   4
   f - Control Undead                 Necromancy                   4
Comestibles
 c - 2 bread rations
 i - 2 meat rations
 j - 2 fruits
 q - a slice of pizza
 t - a beef jerky


   Skills:
 * Level 0.8 Fighting
 + Level 0.3 Armour
 * Level 2.1 Dodging
 - Level 1.7 Stealth
 * Level 2.1 Spellcasting
 * Level 3.8 Necromancy


You had 4 spell levels left.
You knew the following spells:

 Your Spells              Type           Power        Failure   Level  Hunger
a - Pain                  Necr           ###.         4%          1    #......


Dungeon Overview and Level Annotations

Branches:
Dungeon (2/15)


Innate Abilities, Weirdness & Mutations

Your attributes are resistant to harm.


Message History

Confirm with . or Enter, or press ? or * to list all spells.
You don't know that spell.
You closely miss the hobgoblin.
The hobgoblin is almost dead.
The hobgoblin hits you with a club.
* * * LOW HITPOINT WARNING * * *
A goblin comes into view.
You are near starving!
There is a stone staircase leading up here.
The hobgoblin hits you with a club.
* * * LOW HITPOINT WARNING * * *
You climb upwards.
There is a stone staircase leading down here.
Casting: Pain
Confirm with . or Enter, or press ? or * to list all spells.
Aiming: Pain
Press: ? - help, Shift-Dir - straight line, f - hobgoblin
Aim: a hobgoblin, wielding a club (heavily wounded)
The hobgoblin convulses in agony!
The hobgoblin hits you with a club.
You die...

#....##
#.....######
##...#......#
##...####.....
#..### #.....
###.#######.....
##.#.##..........
##....#..####.....
###@......##
#..... #...g.....#
#..... #.........#
###### ###.....###
#.....## #.#..##
######'#.##
#......+.#
#.####+###


You could see a hobgoblin.

Vanquished Creatures
  A giant mite (D:1)
  A giant gecko (D:2)
  3 giant cockroaches
  5 goblins
  A hobgoblin (D:1)
  2 kobolds (D:1)
  A ball python (D:1)
  5 bats
  A giant newt (D:1)
  2 rats (D:1)
22 creatures vanquished.

Notes
Turn   | Place    | Note
--------------------------------------------------------------
     0 | D:1      | Johnny, the Demigod Necromancer, began the quest for the Orb.
     0 | D:1      | Reached XP level 1. HP: 14/14 MP: 3/3
   349 | D:1      | Reached XP level 2. HP: 13/22 MP: 0/5
   955 | D:2      | Found a glowing golden altar of the Shining One.
   995 | D:2      | Found a blossoming altar of Fedhas.
  1327 | D:1      | Slain by a hobgoblin

Action                   || total
-------------------------++-------
Melee: Unarmed           ||     2
       Long sword        ||     3
 Cast: Pain              ||    42
  Use: Potion            ||     1
